 Dungeon Crawl Stone Soup version 0.27.1-33-g824d729ab1 (webtiles) character file.

Game seed: 6407683528661808548

1120 Labrat the Magician (level 8, 26/58 HPs)
             Began as a Gnoll Hedge Wizard on Dec 24, 2021.
             Quit the game on level 6 of the Dungeon.
             The game lasted 00:31:41 (8182 turns).

Labrat the Magician (Gnoll Hedge Wizard)            Turns: 8182, Time: 00:31:42

Health: 26/58      AC:  8    Str:  9    XL:     8   Next: 34%
Magic:  6/19       EV: 14    Int: 16    God:
Gold:   228        SH:  0    Dex: 12    Spells: 16/22 levels left

rFire    . . .     SeeInvis .   d - +0 dagger (protect)
rCold    . . .     Faith    .   (no shield)
rNeg     . . .     Spirit   .   b - +0 robe
rPois    .         Reflect  .   v - +2 hat
rElec    .         Harm     .   (no cloak)
rCorr    .         Rampage  .   (no gloves)
Will     .....                  (no boots)
Stlth    +++.......             (no amulet)
HPRegen  0.19/turn              l - +4 ring of protection
MPRegen  0.16/turn              (no ring)

@: no status effects
A: fangs 1, strong nose, distributed training
a: no special abilities


You were on level 6 of the Dungeon.
You visited 1 branch of the dungeon, and saw 8 of its levels.

You collected 228 gold pieces.

Inventory:

Hand Weapons
 d - a +0 dagger of protection (weapon)
Missiles
 a - 22 poisoned darts
 B - 4 atropa-tipped darts
Armour
 b - a +0 robe (worn)
 v - a +2 hat (worn)
Jewellery
 l - a +4 ring of protection (left hand)
 z - a ring of see invisible
Wands
 r - a wand of charming (6)
Scrolls
 c - 2 scrolls of blinking {unknown}
 f - 7 scrolls of teleportation {unknown}
 g - 5 scrolls of vulnerability {unknown}
 j - 2 scrolls of amnesia {unknown}
 o - a scroll of acquirement {unknown}
 p - 2 scrolls of enchant armour {unknown}
 q - a scroll of fog {unknown}
 t - 2 scrolls of magic mapping {unknown}
 u - a scroll of noise {unknown}
 x - 2 scrolls of identify {unknown}
 y - a scroll of fear {unknown}
 A - a scroll of immolation {unknown}
Potions
 e - a potion of mutation {unknown}
 h - 2 potions of curing {unknown}
 i - a potion of cancellation {unknown}
 k - a potion of berserk rage {unknown}
 m - a potion of ambrosia {unknown}
 n - 2 potions of attraction {unknown}
 s - 3 potions of brilliance {unknown}
 w - 2 potions of degeneration {unknown}


   Skills:
 + Level 3.2 Fighting
 + Level 3.2 Short Blades
 + Level 3.2 Long Blades
 + Level 3.2 Axes
 + Level 3.2 Maces & Flails
 + Level 3.2 Polearms
 + Level 3.2 Staves
 + Level 3.2 Slings
 + Level 3.2 Bows
 + Level 3.2 Crossbows
 + Level 3.2 Throwing
 + Level 3.2 Armour
 + Level 5.6 Dodging
 + Level 5.3 Stealth
 + Level 3.2 Shields
 + Level 3.2 Unarmed Combat
 + Level 7.9 Spellcasting
 + Level 3.4 Conjurations
 + Level 2.6 Hexes
 + Level 3.4 Summonings
 + Level 2.6 Necromancy
 + Level 3.4 Translocations
 + Level 2.6 Transmutations
 + Level 2.6 Fire Magic
 + Level 2.6 Ice Magic
 + Level 2.6 Air Magic
 + Level 2.6 Earth Magic
 + Level 2.6 Poison Magic
 + Level 3.5 Invocations
 + Level 3.2 Evocations


You had 16 spell levels left.
You knew the following spells:

 Your Spells              Type           Power      Damage    Failure   Level
a - Magic Dart            Conj           68%        1d6       2%          1
b - Blink                 Tloc           N/A        N/A       4%          2
e - Mephitic Cloud        Conj/Pois/Air  15%        N/A       11%         3

Your spell library contained the following spells:

 Spells                   Type           Power      Damage    Failure   Level
 Summon Small Mammal      Summ           68%        N/A       2%          1
 Call Imp                 Summ           17%        N/A       4%          2
 Searing Ray              Conj           34%        3d4       4%          2
 Static Discharge         Conj/Air       15%        N/A       4%          2
 Slow                     Hex            14%        N/A       6%          2
 Call Canine Familiar     Summ           17%        N/A       9%          3
 Conjure Flame            Conj/Fire      15%        6-21      10%         3
 Summon Guardian Golem    Hex/Summ       15%        N/A       10%         3
 Inner Flame              Hex/Fire       14%        N/A       12%         3
 Fulminant Prism          Conj/Hex       7%         3d7       32%         4
 Sticky Flame             Conj/Fire      15%        2d4       32%         4
 Cause Fear               Hex            7%         N/A       36%         4
 Dispel Undead            Necr           14%        3d10      36%         4
 Discord                  Hex            7%         N/A       100%        8


Dungeon Overview and Level Annotations

Branches:
Dungeon (8/15)
 Temple: D:4-7         Lair: D:8-11

Altars:
Dithmenos
Elyvilon
Ru
Trog

Shops:
D:6 (

Annotations:
D:4 Grinder


Innate Abilities, Weirdness & Mutations

You have very sharp teeth.
Your uncanny sense of smell can sniff out nearby items.
Your experience applies equally to all skills.


Message History

The black bear barely misses you.
You barely miss the black bear.
The black bear is heavily wounded.
You hit the black bear but do no damage.
The black bear is heavily wounded.
You hit the black bear but do no damage.
The black bear is heavily wounded.
A bullfrog zombie comes into view.
The bullfrog zombie moves out of view.
Things that are here:
a +0 dagger; a +0 robe
Found 13 gold pieces.
Found a shortbow.
There is a stone staircase leading down here.
You now have 228 gold pieces (gained 13).
Found a bloodstained altar of Trog.
A black bear comes into view.
You hear the brisk rusting of a very distant drain.
An iguana comes into view.
The teleport trap disappears.
The black bear disappears!
Unknown command.
Unknown command. 2 scorpions come into view.
Unknown command.
Casting: Magic Dart (safe; 2% risk of failure)
Confirm with . or Enter, or press ? or * to list all spells.
Aiming: Mephitic Cloud (dangerous; 11% risk of failure)
Press: ? - help, Shift-Dir - straight line, f - scorpion
Aim: a scorpion (chance to affect: 81%)
The ball explodes into a vile cloud!
The stinking cloud engulfs the scorpion but does no damage.
The scorpion is engulfed in noxious fumes.
Unknown command.
The scorpion is engulfed in noxious fumes.
The scorpion appears confused.
The scorpion misses you.
The scorpion seems to be having trouble coordinating all eight of its legs.
The scorpion seems to be having trouble coordinating all eight of its legs.
The scorpion stings you.
Are you sure you want to abandon this character and quit the game? (Confirm with "yes".)

....s #.##.# ... ..P.P.. #.##.#
####.### #.._..######<)...
#......# #.P...##........#
#......# #..........###..# .
##.##.#.# #####...#.##.#># #..#
..#...#.s.###.......Z....#.# #).#
......#..................#.# #...
..........###..s@.......##.###.##
...#......# #####..)#.####.#...h.
#......# #...#......#.#.##
#......# #...########.#.##
#.....## #...# #.#.## ##.##.#
##.## #.#.## ... ..# ..# #.#.##
###.#### ## ##. #..... .. .#
###...


You could see a scorpion and a bullfrog zombie (wandering).

Vanquished Creatures
  Sigmund (D:5)
  Eustachio (D:5)
  2 sky beasts (D:5)
  An ogre (D:5)
  Blork the orc (D:5)
  A scorpion (D:4)
  A gnoll sergeant (D:5)
  3 orc priests
  A hound (D:5)
  An iguana (D:4)
  Ijyb (D:3)
  3 orc wizards
  6 gnolls
  7 adders
  A white imp (D:5)
  An adder skeleton (D:4)
  13 orcs
  7 ball pythons
  10 endoplasms
  4 giant cockroaches
  8 goblins
  7 hobgoblins
  7 jackals
  2 quokkas
  10 bats
  2 frilled lizards
  4 kobolds
  3 rats
109 creatures vanquished.

Notes
Turn   | Place    | Note
-------+----------+-------------------------------------------
     0 | D:1      | Labrat the Gnoll Hedge Wizard began the quest for the Orb.
     0 | D:1      | Reached XP level 1. HP: 13/13 MP: 8/8
   317 | D:1      | Reached XP level 2. HP: 18/19 MP: 10/10
   872 | D:1      | Found a faded altar of an unknown god.
   882 | D:1      | Reached XP level 3. HP: 25/25 MP: 8/11
  1200 | D:1      | Reached skill level 1 in Invocations
  2120 | D:2      | Reached skill level 1 in Fighting
  2120 | D:2      | Reached skill level 1 in Short Blades
  2120 | D:2      | Reached skill level 1 in Long Blades
  2120 | D:2      | Reached skill level 1 in Axes
  2120 | D:2      | Reached skill level 1 in Maces & Flails
  2120 | D:2      | Reached skill level 1 in Polearms
  2120 | D:2      | Reached skill level 1 in Staves
  2120 | D:2      | Reached skill level 1 in Slings
  2120 | D:2      | Reached skill level 1 in Bows
  2120 | D:2      | Reached skill level 1 in Crossbows
  2120 | D:2      | Reached skill level 1 in Throwing
  2120 | D:2      | Reached skill level 1 in Armour
  2120 | D:2      | Reached skill level 1 in Shields
  2120 | D:2      | Reached skill level 1 in Unarmed Combat
  2120 | D:2      | Reached skill level 1 in Evocations
  2205 | D:2      | Reached XP level 4. HP: 28/32 MP: 10/13
  2850 | D:3      | Learned a level 2 spell: Blink
  2854 | D:3      | Learned a level 3 spell: Mephitic Cloud
  3011 | D:3      | Reached skill level 1 in Hexes
  3011 | D:3      | Reached skill level 1 in Necromancy
  3011 | D:3      | Reached skill level 1 in Transmutations
  3011 | D:3      | Reached skill level 1 in Fire Magic
  3011 | D:3      | Reached skill level 1 in Ice Magic
  3011 | D:3      | Reached skill level 1 in Air Magic
  3011 | D:3      | Reached skill level 1 in Earth Magic
  3011 | D:3      | Reached skill level 1 in Poison Magic
  3126 | D:3      | Noticed Ijyb
  3410 | D:3      | Found a shadowy altar of Dithmenos.
  3605 | D:3      | Killed Ijyb
  3606 | D:3      | Reached XP level 5. HP: 37/37 MP: 7/14
  3957 | D:4      | Noticed Grinder
  4278 | D:4      | Found a sacrificial altar of Ru.
  4685 | D:4      | Reached XP level 6. HP: 44/44 MP: 8/16
  5530 | D:5      | Entered Level 5 of the Dungeon
  5531 | D:5      | Noticed Sigmund
  5605 | D:5      | Noticed a sky beast
  5617 | D:5      | Noticed a sky beast
  5733 | D:5      | Reached skill level 5 in Dodging
  6078 | D:5      | Reached XP level 7. HP: 35/50 MP: 10/18
  6142 | D:5      | Found a white marble altar of Elyvilon.
  6213 | D:5      | Noticed Eustachio
  6351 | D:5      | Identified the +5 ring mail "Zenodwe" {Harm rN+ Int-4
                  | Stlth+}
  6445 | D:5      | Noticed Blork the orc
  6595 | D:5      | Killed Sigmund
  6639 | D:5      | Killed Eustachio
  6640 | D:5      | Reached skill level 5 in Stealth
  6995 | D:5      | Killed Blork the orc
  6996 | D:5      | Reached XP level 8. HP: 52/57 MP: 8/19
  7790 | D:6      | Found Yxketutu's Firing Range.
  7795 | D:6      | You fall into a shaft and drop 2 floors!
  8148 | D:6      | Found a bloodstained altar of Trog.
  8182 | D:6      | Quit the game

Illustrated notes

Levels and vault maps discovered:
D:1:      minmay_arrival_solitary_statue, layout_basic,
          shapermc_ecumenical_altar_starsandcircs, serial_rivers,
          chequers_serial_rivers_large_b, chequers_serial_rivers_small_b,
          chequers_serial_rivers_micro_e, chequers_serial_rivers_micro_b,
          chequers_serial_rivers_small_b, chequers_serial_rivers_micro_a
D:2:      layout_loops_ring, kennysheep_minor_cross, fountainhead,
          roderic_nine_men_s_morris
D:3:      layout_basic, nicolae_dithmenos_shadow_blocks, uniq_ijyb
D:4:      layout_basic, nicolae_ru_awakened_eye, serial_bayou_crossing,
          uniq_grinder
D:5:      layout_loops_ring, elyvilon_altar_3, uniq_eustachio, uniq_sigmund,
          uniq_blork_the_orc
D:6:      layout_loops_cross, trog_ov_bears_minmay, serial_shops, shop,
          cheibrodos_sewer_entry_bend, nicolae_shop_firing_range
D:7:      layout_gridville, minmay_temple_entry_fiery
D:8:      layout_basic, grunt_decor_cap, serial_park_tiny_pond, uniq_gastronok

Skill      XL: |  1  2  3  4  5  6  7  8 |
---------------+-------------------------+-----
Conjurations   | 2 3 |  3.4
Summonings     | 2 3 |  3.4
Translocations | 2 3 |  3.4
Invocations    | 1 2 3 |  3.5
Fighting       | 1 2 3 |  3.2
Short Blades   | 1 2 3 |  3.2
Long Blades    | 1 2 3 |  3.2
Axes           | 1 2 3 |  3.2
Maces & Flails | 1 2 3 |  3.2
Polearms       | 1 2 3 |  3.2
Staves         | 1 2 3 |  3.2
Slings         | 1 2 3 |  3.2
Bows           | 1 2 3 |  3.2
Crossbows      | 1 2 3 |  3.2
Throwing       | 1 2 3 |  3.2
Armour         | 1 2 3 |  3.2
Shields        | 1 2 3 |  3.2
Unarmed Combat | 1 2 3 |  3.2
Evocations     | 1 2 3 |  3.2
Hexes          | 1 2 |  2.6
Necromancy     | 1 2 |  2.6
Transmutations | 1 2 |  2.6
Fire Magic     | 1 2 |  2.6
Ice Magic      | 1 2 |  2.6
Air Magic      | 1 2 |  2.6
Earth Magic    | 1 2 |  2.6
Poison Magic   | 1 2 |  2.6
Dodging        | 5 |  5.6
Stealth        | 5 |  5.3
Spellcasting   | |  7.9

Action                   |  1- 3 |  4- 6 |  7- 9 || total
-------------------------+-------+-------+-------++-------
Melee: Dagger            |   141 |   108 |   106 ||   355
       Bite              |    15 |    11 |    11 ||    37
       Punch             |       |     1 |       ||     1
Throw: Dart              |       |     5 |    20 ||    25
 Cast: Magic Dart        |    61 |   124 |    49 ||   234
       Mephitic Cloud    |       |    11 |    27 ||    38
       Blink             |       |     3 |     3 ||     6
 Stab: Sleeping          |     4 |     3 |     1 ||     8
       Confused          |       |     4 |     4 ||     8
Armor: Robe              |    37 |    35 |    28 ||   100
Dodge: Dodged            |    95 |    57 |    63 ||   215
